 Dungeon Crawl Stone Soup version 0.30-a0-634-g8abc85282e (webtiles) character file.

Game seed: 84103330096560365

1072 bande the Chopper (level 8, -1/49 HPs)
             Began as a Gargoyle Fighter on Jan 15, 2023.
             Was a Follower of Okawaru.
             Slain by Edmund
             ... wielding a +1 heavy dire flail
              (20 damage)
             ... on level 5 of the Dungeon.
             The game lasted 00:06:47 (3848 turns).

bande the Chopper (Gargoyle Fighter)                Turns: 3848, Time: 00:06:48

Health: -1/49      AC: 16    Str: 20    XL:     8   Next: 28%
Magic:  0/9        EV:  7    Int:  9    God:    Okawaru [*.....]
Gold:   200        SH:  4    Dex: 11    Spells: 7/7 levels left

rFire   . . .      SeeInvis .    a - +0 war axe (spect)
rCold   . . .      Faith    .    c - +0 buckler
rNeg    + . .      Spirit   +    o - +0 chain mail
rPois   ∞          Reflect  .    w - +0 helmet
rElec   +          Harm     .    (no cloak)
rCorr   .          Rampage  .    (no gloves)
Will    .....                    (no boots) Stlth
                                 q - amulet of guardian spirit
HPRegen 0.28/turn                (no ring)
MPRegen 0.11/turn                (no ring)

@: no status effects
A: sickness immunity, AC +5, negative energy resistance 1, electricity
resistance, torment resistance 1, petrification resistance
a: Renounce Religion, Heroism


You were on level 5 of the Dungeon.
You worshipped Okawaru.
Okawaru was aware of your devotion.
You visited 2 branches of the dungeon, and saw 6 of its levels.

You collected 200 gold pieces.

Inventory:

Hand Weapons
 a - a +0 spectral war axe (weapon)
 t - a +0 flail
Armour
 c - a +0 buckler (worn)
 o - a +0 chain mail (worn)
 w - a +0 helmet (worn)
Jewellery
 f - an amulet of the acrobat
 i - a ring of ice
 m - an amulet of magic regeneration
 n - a +6 ring of intelligence
 q - an amulet of guardian spirit (around neck)
Wands
 g - a wand of flame (18)
 l - a wand of light (5)
Scrolls
 v - 2 scrolls of silence
Potions
 b - a potion of ambrosia
 d - a potion of might
 e - a potion of curing
 h - a potion of mutation {unknown}
 j - a potion of degeneration {unknown}
 k - 4 potions of brilliance
 p - a potion of flight {unknown}
 r - a potion of heal wounds {unknown}
 s - 2 potions of lignification


   Skills:
 + Level 5.0 Fighting
 + Level 6.1 Axes
 + Level 4.9 Armour
 + Level 4.1 Shields
 * Level 2.4 Invocations
 * Level 3.1 Evocations


You had 7 spell levels left.
You didn't know any spells.
Your spell library contained the following spells:

 Spells                   Type           Power      Damage    Failure   Level
 Scorch                   Fire           0%         2d5       100%        2
 Portal Projectile        Hex/Tloc       0%         N/A       100%        3
 Flame Wave               Conj/Fire      0%         2d4       100%        4
 Blade Hands              Tmut           0%         N/A       100%        5
 Summon Small Mammal      Summ           Unusable   N/A       N/A         1
 Call Canine Familiar     Summ           Unusable   N/A       N/A         3
 Summon Guardian Golem    Hex/Summ       Unusable   N/A       N/A         3
 Tukima's Dance           Hex            Unusable   N/A       N/A         3
 Summon Cactus Giant      Summ           Unusable   N/A       N/A         6

Dungeon Overview and Level Annotations

Branches:
Dungeon (5/15)             Temple (1/1) D:4

Altars:
Cheibriados
Makhleb
Nemelex Xobeh
Okawaru
Ru
Wu Jian

Annotations:
D:5 Edmund


Innate Abilities, Weirdness & Mutations

You are immune to sickness and miasma.
Your stone body is resilient. (AC +5)
You are immune to poison.
You resist negative energy. (rN+)
You are resistant to electric shocks. (rElec)
You are resistant to unholy torment.
You are immune to petrification.


Message History

The iguana is lightly wounded.
The iguana bites you!
The iguana bites you but does no damage.
You slash the iguana!
The iguana is severely wounded.
The iguana barely misses you.
You hit the iguana but do no damage.
The iguana is severely wounded.
The iguana barely misses you.
You barely miss the iguana.
The iguana is severely wounded.
The iguana bites you but does no damage.
You hit the iguana.
You kill the iguana!
Okawaru accepts your kill.
No target in view!
No target in view!
No target in view!
No target in view!
Edmund the Younger comes into view.
He is wielding a +1 heavy dire flail and carrying a wand of polymorph (8).
Edmund shouts!
Edmund is nearby!
You barely miss Edmund.
Edmund drinks a potion.
Edmund seems to grow stronger.
You barely miss Edmund.
Edmund hits you with a +1 heavy dire flail!!
You hit Edmund.
Edmund is lightly wounded.
Edmund hits you with a +1 heavy dire flail!!
* * * LOW HITPOINT WARNING * * *
You are too injured to fight recklessly!
You are too injured to fight recklessly!
You are too injured to fight recklessly!
You are too injured to fight recklessly!
You are too injured to fight recklessly!
You are too injured to fight recklessly!
You feel better.
You closely miss Edmund.
Edmund is lightly wounded.
Edmund hits you with a +1 heavy dire flail!!
You die...

#.# #.#
######.# #.#
#......# #.#
#.###### #.#
#.# #.# #.#
#.# #.# #@#
#.#
#@#########.#
#...........#
#############


You could see Edmund (strong).

Vanquished Creatures
  Grinder (D:4)
  Sigmund (D:3)
  An ogre (D:4)
  A phantom (D:5)
  A necrophage (D:4)
  A scorpion (D:4)
  A jelly (D:3)
  2 hounds (D:4)
  A gnoll bouda (D:5)
  Ijyb (D:4)
  An iguana (D:5)
  Natasha (thrice) (D:4)
  An orc wizard (D:3)
  Robin (D:3)
  3 gnolls (D:5)
  6 adders
  4 worms
  3 dart slugs
  3 orcs (D:4)
  2 bats
  6 endoplasms
  3 giant cockroaches
  18 goblins
  7 hobgoblins
  A jackal (D:3)
  5 kobolds
  A quokka (D:2)
  4 ball pythons
  6 frilled lizards
  5 rats
94 creatures vanquished.

Vanquished Creatures (others)
  A goblin (D:3)
  7 plants (D:4)
8 creatures vanquished.

Grand Total: 102 creatures vanquished

Notes
Turn   | Place    | Note
-------+----------+-------------------------------------------
     0 | D:1      | bande the Gargoyle Fighter began the quest for the Orb.
     0 | D:1      | Reached XP level 1. HP: 14/14 MP: 1/1
   166 | D:1      | Reached XP level 2. HP: 19/19 MP: 2/2
   648 | D:1      | Reached skill level 2 in Axes
   739 | D:2      | Reached XP level 3. HP: 24/24 MP: 3/3
   912 | D:2      | Reached XP level 4. HP: 26/29 MP: 4/4
  1456 | D:2      | Reached skill level 1 in Evocations
  1617 | D:3      | Reached skill level 3 in Axes
  1659 | D:3      | Noticed Sigmund
  1669 | D:3      | Killed Sigmund
  1670 | D:3      | Reached XP level 5. HP: 22/34 MP: 5/5
  1670 | D:3      | Reached XP level 6. HP: 26/39 MP: 6/6
  1743 | D:3      | Reached skill level 4 in Axes
  1788 | D:3      | Found a sacrificial altar of Ru.
  2030 | D:3      | Noticed Robin
  2049 | D:3      | Killed Robin
  2534 | D:4      | Found a staircase to the Ecumenical Temple.
  2548 | Temple   | Entered the Ecumenical Temple
  2627 | Temple   | Became a worshipper of Warmaster Okawaru
  2677 | D:4      | Reached XP level 7. HP: 44/44 MP: 7/7
  2793 | D:4      | Noticed Grinder
  2798 | D:4      | Noticed Ijyb
  2800 | D:4      | Killed Grinder
  2800 | D:4      | Reached * piety under Okawaru
  2801 | D:4      | Reached skill level 5 in Axes
  2801 | D:4      | Reached skill level 1 in Invocations
  2805 | D:4      | Killed Ijyb
  3067 | D:4      | Reached XP level 8. HP: 48/48 MP: 9/9
  3362 | D:4      | Noticed Natasha
  3366 | D:4      | Killed Natasha
  3591 | D:4      | Noticed Natasha
  3594 | D:4      | Killed Natasha
  3691 | D:4      | Noticed Natasha
  3701 | D:4      | Killed Natasha
  3724 | D:5      | Entered Level 5 of the Dungeon
  3738 | D:5      | Reached skill level 5 in Fighting
  3738 | D:5      | Reached skill level 6 in Axes
  3842 | D:5      | Noticed Edmund
  3848 | D:5      | Slain by Edmund

Illustrated notes

Levels and vault maps discovered:
D:1:      lightli_arrival_lavapool, layout_basic, dk_noncrumbling_2,
          reono_crystal_passage
D:2:      layout_basic, moated_statue
D:3:      layout_basic, nicolae_ru_great_annihilating_truth, uniq_robin,
          uniq_sigmund
D:4:      layout_basic, minmay_temple_entry_overgrown, uniq_ijyb, uniq_grinder,
          uniq_natasha
D:5:      layout_basic, grunt_ministairs_2, uniq_edmund
Temple:   bh_familiar_temple

Skill      XL: |  1  2  3  4  5  6  7  8 |
---------------+-------------------------+-----
Axes           | 2 3 4 5 6 |  6.1
Fighting       | 4 5 |  5.0
Evocations     | 1 2 3 |  3.1
Armour         | 4 |  4.9
Shields        | 4 |  4.1
Invocations    | 1 2 |  2.4

Action                   |  1- 3 |  4- 6 |  7- 9 || total
-------------------------+-------+-------+-------++-------
Melee: War axe           |    75 |   126 |    54 ||   255
  Use: Scroll            |       |    12 |     2 ||    14
       Potion            |       |       |     1 ||     1
 Stab: Paralysed         |       |     1 |       ||     1
Armor: Scale mail        |    41 |       |       ||    41
       Chain mail        |     6 |    82 |    25 ||   113
Dodge: Dodged            |    39 |    49 |    10 ||    98
Block: Buckler           |    18 |    22 |     5 ||    45

Table legend: (Time is in decaauts)
 A = Elapsed time spent in this place.
 B = Non-inter-level travel time spent in this place.
 C = Inter-level travel time spent in this place.
 D = Time resting spent in this place.
 E = Time spent auto-exploring this place.
 F = Levels seen in this place.
 G = Mean time per level.
                   A        B        C        D        E       F      G
               +--------+--------+--------+--------+--------+-----+--------+
         Total |   3941 |   3828 |    113 |      0 |   2858 |   6 |  656.8 |
       Dungeon |   3848 |   3748 |    100 |      0 |   2789 |   5 |  769.6 |
        Temple |     93 |     80 |     13 |      0 |     69 |   1 |   93.0 |
               +--------+--------+--------+--------+--------+-----+--------+

Top non-repeatable levels by time:
     D:4: 1358 daAuts
     D:2: 870 daAuts
     D:3: 765 daAuts
     D:1: 725 daAuts
     D:5: 127 daAuts
  Temple: 93 daAuts
